Map: Submarine LE

Players

Massa

  • Race: Terran Terran
  • League: Platinum
  • Spawn Location: 11:00

Swarm - Winner!

  • Race: Zerg Zerg
  • Spawn Location: 5:00

VOD

Have the link to the VOD?

Description

Time

  • Played on: Oct. 9, 2020, 10:48 a.m.
  • Length: 17:37
Show
View Real Time Build Order
Export as new Build Order

Massa Terran 

Build Orders:  

Get SALT Encoding   

  12  0:00  SCV  
  13  0:12  SCV  
  14  0:17  Supply Depot  
  14  0:24  SCV  
  15  0:38  SCV  
  15  0:39  Barracks  
  16  0:50  SCV  
  16  0:52  Refinery  
  17  1:02  SCV  
  18  1:14  SCV  
  19  1:26  Marine  
  19  1:30  Orbital Command  
  20  1:42  Command Center  
  20  1:48  Reaper  
  21  1:55  SCV  
  22  2:08  SCV  
  23  2:15  Factory  
  23  2:24  Supply Depot  
  23  2:30  Barracks Reactor  
  23  2:37  Refinery  
  23  2:46  SCV  
  24  2:55  Orbital Command  
  24  2:58  SCV  
  24  3:10  SCV  
  24  3:11  Marine x2  
  24  3:22  SCV  
  24  3:24  SCV  
  26  3:29  Marine x2  
  26  3:34  SCV  
  26  3:36  SCV  
  27  3:46  SCV  
  28  3:48  SCV  
  28  3:54  Hellion x2  
  33  4:00  SCV  
  34  4:04  Bunker  
  34  4:10  Barracks Tech Lab  
  34  4:15  Starport, Hellion x2  
  38  4:19  SCV x2  
  40  4:31  SCV x2  
  40  4:37  Hellion  
  44  4:40  Engineering Bay  
  44  4:41  Stimpack  
  44  4:42  Marauder  
  46  4:48  SCV  
  46  4:55  Supply Depot  
  46  4:58  Supply Depot  
  46  5:17  SCV x2, Marauder, Medivac  
  52  5:29  SCV x2  
  54  5:41  SCV  
  55  5:46  SCV  
  55  5:47  Viking  
  55  5:48  Marauder  
  60  5:53  SCV  
  51  5:58  SCV  
  52  6:05  SCV  
  52  6:06  Refinery  
  52  6:08  Hellion  
  52  6:09  Hellion, Marauder  
  52  6:10  Refinery  
  59  6:16  Factory  
  59  6:20  Combat Shield  
  59  6:22  Supply Depot  
  59  6:24  Supply Depot  
  59  6:30  Hellion  
  61  6:39  Supply Depot  
  61  6:41  Supply Depot  
  61  6:42  Missile Turret  
  61  6:44  Hellion, Marauder  
  65  6:48  Supply Depot  
  65  6:50  Missile Turret  
  65  6:51  Hellion, Terran Infantry Weapons Level 1  
  67  6:54  SCV x2  
  69  7:02  Factory Tech Lab  
  69  7:03  Supply Depot  
  69  7:05  Widow Mine  
  69  7:06  SCV x2  
  73  7:13  Widow Mine  
  75  7:18  SCV  
  76  7:27  Widow Mine  
  78  7:30  Command Center  
  78  7:33  Missile Turret  
  78  7:34  Widow Mine  
  80  7:37  Sensor Tower  
  80  7:40  Sensor Tower  
  80  7:48  Engineering Bay  
  80  7:56  Missile Turret  
  74  8:25  Medivac  
  74  8:26  Siege Tank  
  79  8:28  SCV  
  79  8:29  SCV  
  81  8:40  SCV  
  81  8:41  SCV, Concussive Shells  
  83  8:43  Marauder  
  83  8:46  Terran Infantry Armor Level 1  
  85  8:51  Barracks  
  85  8:52  SCV  
  85  8:53  SCV  
  87  8:55  Medivac  
  87  8:58  Barracks x2, Siege Tank  
  87  9:00  Barracks  
  90  9:04  Marauder  
  90  9:05  SCV x2, Armory  
  90  9:09  Armory  
  98  9:10  Hellion x2  
  98  9:14  Orbital Command  
  98  9:17  SCV  
  99  9:18  Missile Turret  
  99  9:25  Marauder  
  99  9:30  Viking, Siege Tank  
  104  9:39  Missile Turret  
  102  9:52  Marauder  
  103  9:55  Barracks Reactor x2, Marine  
  104  10:00  Viking  
  88  10:12  Marine  
  88  10:13  Marauder  
  62  10:30  Marine  
  62  10:33  Marine  
  62  10:34  Marauder, Marine x3  
  51  10:48  Marine  
  52  10:51  Marine x4  
  52  10:53  Command Center  
  52  10:55  Marine  
  57  10:58  Missile Turret  
  57  11:00  Missile Turret  
  57  11:02  Missile Turret  
  57  11:05  Widow Mine x2  
  57  11:06  Marine  
  57  11:08  Siege Tank  
  57  11:09  Marine x4  
  69  11:13  Marine  
  70  11:23  Sensor Tower  
  70  11:24  Marine  
  71  11:26  Widow Mine x2, Marine  
  71  11:27  SCV, Marine x3  
  71  11:31  Marine  
  81  11:39  SCV  
  80  11:40  Siege Tank  
  80  11:42  Marine  
  84  11:47  Marine  
  84  11:48  Marine x2  
  84  11:49  Marine  
  84  11:51  SCV  
  89  12:03  SCV  
  89  12:07  Marauder  
  90  12:27  Missile Turret  
  90  12:28  Marauder  
  92  12:34  SCV  
  93  12:37  Orbital Command  
  93  12:40  Widow Mine x2, Command Center  
  97  12:46  SCV  
  97  12:47  Missile Turret  
  97  12:50  Marauder  
  100  12:58  SCV  
  101  13:07  Missile Turret  
  101  13:10  SCV x2  
  103  13:22  SCV x2  
  105  13:27  Missile Turret  
  105  13:34  SCV  
  106  13:46  Missile Turret  
  106  13:47  Supply Depot  
  106  13:50  Supply Depot  
  106  13:52  Thor  
  112  14:01  SCV, Missile Turret  
  112  14:02  SCV  
  114  14:05  Planetary Fortress  
  114  14:13  SCV  
  114  14:14  SCV  
  116  14:25  Sensor Tower  
  116  14:26  SCV  
  117  14:33  Refinery  
  117  14:35  Siege Tank  
  53  15:06  Medivac  
  50  15:15  SCV  
  50  15:16  SCV  
  52  15:28  SCV x2  
  54  15:34  Command Center  
  54  15:35  Command Center  
  54  15:36  Medivac  
  54  15:40  SCV x2  
  58  15:51  Siege Tank  
  58  15:52  SCV x2  
  67  15:57  Widow Mine x2  
  67  15:59  Marauder, Marine  
  70  16:04  SCV  
  75  16:18  Widow Mine x2  
  75  16:23  Siege Tank  
  77  16:48  SCV x2  
  77  16:52  Marauder  
  77  16:53  Marine x3  
  84  17:00  SCV x2  
  78  17:12  SCV  
  78  17:14  Marauder  
  53  17:32  Command Center  
Show
View Real Time Build Order
Export as new Build Order

Swarm Zerg - Winner!

Build Orders: Hatch First, Muta Ling Bane 

Get SALT Encoding   

  12  0:00  Drone  
  13  0:12  Overlord  
  13  0:16  Drone  
  14  0:31  Drone x2  
  14  0:34  Drone  
  17  0:54  Hatchery  
  16  0:57  Drone  
  16  1:00  Drone  
  18  1:11  Extractor  
  18  1:16  Spawning Pool  
  16  1:19  Drone  
  16  1:22  Drone  
  18  1:28  Drone  
  19  1:39  Overlord  
  19  1:50  Drone  
  20  2:02  Queen  
  20  2:03  Zergling x2  
  20  2:06  Queen  
  20  2:07  Zergling x2  
  26  2:14  Metabolic Boost  
  26  2:17  Overlord  
  26  2:19  Drone  
  27  2:29  Drone  
  28  2:31  Drone  
  28  2:35  Drone  
  30  2:40  Queen  
  30  2:43  Queen  
  34  2:58  Drone x2  
  36  2:59  Drone x3  
  39  3:16  Drone x5  
  43  3:29  Overlord  
  43  3:32  Overlord  
  43  3:39  Hatchery  
  41  3:42  Drone x2  
  43  3:49  Extractor  
  43  3:52  Overlord  
  43  3:53  Drone x3  
  43  3:54  Drone x4  
  49  3:58  Lair  
  49  4:08  Zergling x2  
  49  4:09  Zergling x2  
  51  4:18  Baneling Nest  
  51  4:19  Drone  
  51  4:20  Zergling x4  
  51  4:21  Evolution Chamber  
  51  4:22  Evolution Chamber  
  51  4:28  Extractor x2  
  49  4:32  Zergling x2, Overlord  
  49  4:33  Zergling x4, Overlord  
  49  4:34  Zergling x4  
  54  4:39  Drone  
  55  4:51  Zerg Melee Weapons Level 1  
  55  4:53  Drone  
  55  4:58  Drone  
  56  5:06  Zergling x4, Overlord  
  56  5:07  Roach Warren, Zergling x6, Overlord  
  56  5:09  Baneling x4  
  56  5:12  Drone x2  
  56  5:13  Drone  
  60  5:16  Spine Crawler  
  59  5:27  Drone  
  60  5:31  Spore Crawler  
  59  5:40  Drone x2, Spore Crawler  
  59  5:55  Drone x3  
  60  6:00  Drone x3  
  60  6:01  Drone x2  
  60  6:03  Zerg Ground Armor Level 1  
  60  6:04  Drone x3  
  68  6:18  Drone x2  
  69  6:19  Spore Crawler  
  69  6:23  Drone x2  
  69  6:24  Overseer  
  69  6:25  Pneumatized Carapace  
  70  6:26  Drone x2  
  70  6:30  Hatchery  
  71  6:33  Spire  
  71  6:34  Drone  
  71  6:35  Drone x2  
  73  6:41  Extractor  
  73  6:42  Drone x3  
  73  6:43  Drone, Extractor  
  75  6:51  Overlord  
  75  6:52  Zergling x2, Overlord  
  75  7:01  Overlord  
  75  7:02  Zergling x4  
  77  7:11  Zergling x4, Overlord  
  77  7:12  Zergling x10  
  84  7:22  Centrifical Hooks  
  84  7:24  Overlord x2  
  84  7:25  Zergling x2  
  84  7:26  Zerg Melee Weapons Level 2  
  85  7:37  Spine Crawler  
  84  7:41  Zergling x2, Overlord  
  84  7:42  Drone x3, Zergling x10  
  93  7:52  Mutalisk  
  93  7:53  Mutalisk x3  
  99  8:06  Zerg Ground Armor Level 2  
  99  8:11  Mutalisk x6, Zergling x4  
  99  8:12  Zergling x6, Infestation Pit  
  115  8:25  Zerg Flyer Weapons Level 1  
  115  8:35  Baneling  
  115  8:36  Baneling x16  
  115  8:44  Mutalisk, Zergling x2, Overlord  
  115  8:45  Zergling x4  
  115  8:47  Extractor  
  119  8:49  Extractor, Hatchery  
  117  9:00  Mutalisk x2, Zergling x6, Overlord  
  117  9:01  Zergling x6  
  127  9:08  Drone x5  
  127  9:09  Drone  
  133  9:19  Baneling x4  
  133  9:20  Baneling x3  
  133  9:21  Mutalisk  
  133  9:22  Zergling x10  
  140  9:30  Hive  
  137  9:35  Drone x2, Zergling x2  
  137  9:36  Zergling x8  
  133  9:55  Mutalisk x3, Zergling x4  
  133  9:56  Mutalisk, Zergling x12  
  128  10:13  Mutalisk x2  
  128  10:14  Mutalisk x2, Zergling x12  
  137  10:22  Mutalisk  
  137  10:23  Zergling x4  
  137  10:25  Baneling  
  137  10:26  Baneling x10  
  139  10:30  Drone x2, Queen  
  139  10:31  Drone  
  144  10:51  Mutalisk x2  
  144  10:52  Mutalisk, Zergling x14  
  144  10:56  Overseer  
  157  10:58  Baneling x9  
  157  11:12  Hatchery, Zergling x2, Overlord  
  157  11:22  Adrenal Glands  
  157  11:25  Ultralisk Cavern  
  156  11:28  Zerg Melee Weapons Level 3  
  156  11:36  Mutalisk, Zergling x10  
  156  11:37  Zergling x4  
  156  11:38  Overlord x2  
  161  11:51  Overseer  
  161  11:53  Drone  
  161  11:54  Drone x4  
  163  11:56  Overlord x5  
  165  12:17  Chitinous Plating  
  165  12:18  Zerg Ground Armor Level 3  
  165  12:20  Mutalisk x2  
  165  12:21  Mutalisk x2, Zergling x12  
  179  12:29  Zerg Flyer Weapons Level 2  
  179  12:33  Spine Crawler  
  178  12:45  Zergling x2  
  178  12:46  Zergling x8, Ultralisk  
  178  12:47  Zergling x2  
  190  13:04  Overlord  
  190  13:10  Zergling x6, Ultralisk  
  199  13:35  Anabolic Synthesis  
  199  13:43  Baneling x12  
  199  13:44  Baneling x10  
  199  14:05  Spore Crawler  
  199  14:09  Spine Crawler x2  
  196  14:11  Spine Crawler  
  196  14:13  Spine Crawler  
  190  14:45  Zergling x6, Zerg Flyer Armor Level 1, Ultralisk x3  
  168  14:46  Zergling x14, Ultralisk x5  
  168  14:47  Zergling x12  
  179  14:58  Ultralisk x2  
  153  15:15  Ultralisk x2  
  153  15:16  Zergling x12  
  153  15:17  Zergling x6  
  153  15:21  Extractor  
  173  15:38  Mutalisk x5  
  173  15:39  Mutalisk  
  185  15:45  Extractor  
  184  15:53  Overseer  
  184  16:00  Overseer x3  
  184  16:31  Zergling x6, Ultralisk x2  
  165  17:19  Zergling x2  
  165  17:20  Zergling x32  
Tags
 
Composition
Muta Ling Bane
League
Platinum
Matchup
TvZ
Replay Pack
Multiplayer
Spawn Locations
Cross Positions
Add a new tag
Caveats
  • Supply blocks, unpowered buildings, or Contaminate may cause inaccurate times.
  • Supply counts are checked every 10 seconds.